 Dungeon Crawl Stone Soup version 0.27-a0-978-g2aa4ecdaef (webtiles) character file.

Game seed: 8685652125057306090

132323 tilp the Covert (level 17, -3/97 HPs)
             Began as a Vine Stalker Brigand on Apr 14, 2021.
             Was a Believer of Uskayaw.
             Slain by a tentacle (4 damage)
             ... attached to a kraken
             ... on level 3 of the Shoals.
             The game lasted 01:08:38 (29183 turns).

tilp the Covert (Vine Stalker Brigand)             Turns: 29183, Time: 01:08:38

Health: -3/97      AC: 20    Str: 22    XL:     17   Next: 12%
Magic:  0/25       EV: 13    Int: 11    God:    Uskayaw [**....]
Gold:   441        SH:  8    Dex: 12    Spells: 16/16 levels left

rFire    . . .     SeeInvis .   a - +6 quick blade of the Enchanted Forest {flame, Fly rElec}
rCold    + . .     Faith    +   M - +3 warlock's mirror {reflect}
rNeg     + + +     Spirit   +   E - +2 scale mail {rC+}
rPois    +         Reflect  +   u - +1 helmet
rElec    +         Harm     .   c - +1 cloak
rCorr    +         Rampage  .   N - +2 pair of gloves
Will     ++...                  O - +1 pair of boots
Stlth    ++++......             w - amulet of Linearity {Faith rPois rN+++ rCorr Dex-3}
HPRegen  1.26/turn              r - +4 ring of slaying
MPRegen  0.19/turn              t - ring of poison resistance

@: about to teleport, flying
A: fangs 3, regeneration 1, magic shield, antimagic bite, no potion heal 2
a: Renounce Religion, Stomp, Line Pass


You were on level 3 of the Shoals.
You worshipped Uskayaw.
Uskayaw was aware of your devotion.
You visited 4 branches of the dungeon, and saw 26 of its levels.
You visited the Abyss 1 time.
You also visited: Ice Cave.

You collected 3233 gold pieces.
You spent 2792 gold pieces at shops.

Inventory:

Hand Weapons
 a - the +6 quick blade of the Enchanted Forest (weapon) {flame, Fly rElec}
   (You acquired it on level 5 of the Lair of Beasts)

   It has been specially enchanted to burn those struck by it, causing extra
   injury to most foes and up to half again as much damage against particularly
   susceptible opponents.
   It insulates you from electricity.
   It grants you flight.
Missiles
 d - 80 poisoned darts (quivered)
 e - 4 curare-tipped darts {!f}
 v - 7 javelins
 x - 6 throwing nets {!f}
 y - 40 boomerangs
 T - 5 silver javelins
Armour
 c - a +1 cloak (worn)
 u - a +1 helmet (worn)
 E - a +2 scale mail of cold resistance (worn)
 M - the +3 warlock's mirror (worn) {reflect}
   (You found it on level 10 of the Dungeon)
 N - a +2 pair of gloves (worn)
 O - a +1 pair of boots (worn)
 W - a +0 crystal plate armour
Jewellery
 n - a ring of willpower
 r - a +4 ring of slaying (left hand)
 t - a ring of poison resistance (right hand)
 w - the amulet of Linearity (around neck) {Faith rPois rN+++ rCorr Dex-3}
   (You bought it in a shop on level 2 of the Orcish Mines)

   [amulet of faith]

   It allows you to gain divine favour quickly.
   It affects your dexterity (-3).
   It protects you from poison.
   It renders you almost immune to negative energy.
   It protects you from acid and corrosion.
 F - a ring of resist corrosion
 Q - a ring of ice
 V - a ring of see invisible
 Y - a ring of protection from fire
Wands
 b - a wand of paralysis (9)
 i - a wand of polymorph (19)
 s - a wand of mindburst (6)
 A - a wand of charming (12)
 J - a wand of digging (1)
 L - a wand of acid (21)
 R - a wand of iceblast (47)
 S - a wand of flame (12)
Scrolls
 h - 9 scrolls of teleportation
 l - 5 scrolls of blinking
 m - 7 scrolls of enchant weapon
 p - 2 scrolls of fog
 G - 3 scrolls of magic mapping
 U - a scroll of summoning
 X - 2 scrolls of identify
Potions
 j - 4 potions of attraction
 k - 3 potions of berserk rage
 o - 4 potions of mutation
 q - 3 potions of might
 z - a potion of ambrosia
 B - a potion of invisibility
 C - 12 potions of curing
 D - 4 potions of haste
 I - 3 potions of resistance
 Z - 2 potions of magic
Miscellaneous
 f - a lightning rod (4/4)
 g - a phial of floods
 H - a phantom mirror
 K - a tin of tremorstones (1/2)
 P - a piece from Xom's chessboard (15/15)


   Skills:
 + Level 14.1 Fighting
 + Level 14.1 Short Blades
 - Level 1.7 Throwing
 - Level 8.0 Armour
 - Level 8.0 Dodging
 + Level 14.6 Stealth
 - Level 4.0 Shields
 - Level 10.0 Invocations
 - Level 6.0 Evocations


You had 16 spell levels left.
You didn't know any spells.
Your spell library contained the following spells:

 Spells                   Type           Power      Damage    Failure   Level
 Beastly Appendage        Tmut           0%         N/A       63%         1
 Foxfire                  Conj/Fire      0%         2x1d4     63%         1
 Freeze                   Ice            0%         1d3       63%         1
 Poisonous Vapours        Pois/Air       0%         N/A       77%         2
 Wereblood                Tmut           0%         N/A       77%         2
 Conjure Flame            Conj/Fire      0%         6-21      94%         3
 Frozen Ramparts          Ice            0%         1d2       94%         3
 Inner Flame              Hex/Fire       0%         N/A       94%         3
 Mephitic Cloud           Conj/Pois/Air  0%         N/A       94%         3
 Ozocubu's Armour         Ice            0%         N/A       94%         3
 Spider Form              Tmut/Pois      0%         N/A       94%         3
 Animate Dead             Necr           0%         N/A       100%        4
 Hailstorm                Conj/Ice       0%         3d3       100%        4
 Ice Form                 Ice/Tmut       0%         N/A       100%        4
 Sticky Flame             Conj/Fire      0%         2d3       100%        4
 Borgnjor's Vile Clutch   Necr/Erth      0%         N/A       100%        5
 Fireball                 Conj/Fire      0%         3d3       100%        5
 Hydra Form               Tmut           0%         N/A       100%        5
 Metabolic Englaciation   Hex/Ice        0%         N/A       100%        5
 Death Channel            Necr           0%         N/A       100%        6
 Freezing Cloud           Conj/Ice/Air   0%         6-21      100%        6
 Simulacrum               Ice/Necr       0%         N/A       100%        6
 Starburst                Conj/Fire      0%         8x6d3     100%        6


Dungeon Overview and Level Annotations

Branches:
Dungeon (15/15)            Temple (0/1) D:6            Lair (6/6) D:8
 Shoals (3/4) Lair:4        Snake (0/4) Lair:2        Slime (0/5) Lair:5
    Orc (2/2) D:10            Elf (0/3) Orc:2        Vaults (0/5) D:13
 Depths (0/5) D:15          IceCv (visited)

Altars:
Ashenzari
Cheibriados
Gozag
Qazlal
Ru
Sif Muna
Trog
Uskayaw
Wu Jian
Yredelemnul
Jiyva
Lugonu

Shops:
D:3 !   D:6 *   D:7 =   Orc:1 :**([=   Orc:2 *=**[(?   Shoals:2 =

Annotations:
D:4 1 runed translucent door, Crazy Yiuf
D:5 1 runed translucent door, HoaS's ghost, novice DjIE
D:8 2 transporters
Lair:2 3 runed translucent doors, exclusion: oklob plant, Celiop's ghost, novice DgDe
Lair:4 2 transporters, kae's ghost, journeyman OgTm
Shoals:2 3 runed translucent doors, Ynga's ghost, adept OgVM
Shoals:3 2 transporters, Haeres's ghost, adept DsCj
Orc:1 3 runed translucent doors, exclusion: obsidian statue, Anon1729's ghost, adept DsBe


Innate Abilities, Weirdness & Mutations

You have razor-sharp teeth.
Your natural rate of healing is unusually fast.
When hurt, damage is shared between your health and your magic reserves.
Your bite disrupts and absorbs the magic of your enemies.
Potions cannot restore your health.


Message History

The kraken is moderately wounded.
You puncture the kraken! You burn the kraken.
You bite the kraken, but do no damage.
The kraken is moderately wounded.
The kraken bites you! The tentacle closely misses you. x2
The tentacle slaps you! You block the tentacle's attack.
You are too injured to fight recklessly!
You are too injured to fight recklessly!
You are too injured to fight recklessly!
You completely miss the kraken.
The kraken is moderately wounded.
You hit the kraken but do no damage. You bite the kraken, but do no damage.
The kraken is moderately wounded.
You block the kraken's attack. You block the tentacle's attack.
The tentacle slaps you! You block the tentacle's attack.
The tentacle slaps you.
You hit the kraken but do no damage.
The kraken is moderately wounded.
You puncture the kraken! You burn the kraken. You bite the kraken!
You drain its power.
You feel invigorated.
The kraken is moderately wounded.
The tentacle slaps you! The tentacle slaps you!!
* * * LOW HITPOINT WARNING * * *
The tentacle closely misses you. You block the tentacle's attack.
The kraken bites you!!
* * * LOW HITPOINT WARNING * * *
Blink to where?
Press: ? - help, Dir - move target
As you read the scroll of blinking, it crumbles to dust.
Okay, then.
Okay, then.
As you read the scroll of teleportation, it crumbles to dust.
You feel strangely unstable.
A tentacle segment bursts forth from the water. x2
The tentacle slaps you!
* * * LOW HITPOINT WARNING * * *
The tentacle slaps you!
* * * LOW HITPOINT WARNING * * *
The tentacle slaps you.
You die...

≈≈≈≈≈≈≈≈≈≈≈≈≈≈≈≈≈≈≈≈≈≈≈≈≈≈≈≈≈≈
≈≈≈≈≈≈≈≈≈≈≈≈≈≈≈≈≈≈≈≈≈≈≈≈≈≈≈≈≈≈
≈≈≈≈≈≈≈§≈≈≈≈≈≈≈≈≈≈≈≈≈≈≈≈≈≈≈≈≈≈
≈≈≈≈≈≈≈≈≈≈≈≈≈≈≈≈≈≈≈≈≈≈≈≈≈≈≈≈≈≈
≈≈≈≈≈≈≈≈X≈≈≈≈≈≈≈≈≈≈≈≈≈≈≈≈≈≈≈≈≈
≈≈≈≈≈≈≈≈≈≈≈≈w≈≈≈≈≈≈≈≈≈≈≈≈≈≈≈≈≈
≈≈≈≈≈≈≈≈≈≈≈≈≈≈≈≈≈≈≈≈≈≈≈≈≈≈≈≈≈≈
≈≈≈≈≈≈≈≈≈≈≈≈ww≈≈≈≈≈≈≈≈≈≈≈≈≈≈≈≈
≈≈≈≈≈≈≈≈≈≈≈≈≈≈w@≈≈≈≈≈≈≈≈≈≈≈≈≈≈≈≈
≈≈≈≈≈≈≈≈≈≈≈≈≈≈≈≈≈≈≈≈≈≈≈≈≈≈≈≈≈≈≈≈≈
≈≈≈≈≈.≈≈≈≈≈≈≈≈≈≈≈≈≈≈≈≈≈≈≈≈≈≈≈≈≈≈≈
≈≈≈≈≈.≈≈≈≈≈≈≈≈≈≈≈≈≈≈≈≈≈≈≈≈≈≈≈≈≈≈≈
≈≈≈>..≈≈≈≈≈≈≈≈≈≈≈≈≈≈≈≈≈≈≈≈≈≈≈≈≈≈≈
≈≈≈≈...≈.≈.≈≈≈≈(≈≈≈≈≈≈≈≈≈≈≈≈≈≈≈≈≈
≈≈≈...#..≈...≈≈≈≈≈≈≈≈≈≈≈≈≈≈≈≈≈≈≈≈
≈≈≈≈..#..≈≈..≈≈≈≈≈≈≈≈≈≈≈≈≈≈≈≈≈≈≈≈
≈≈≈≈...≈.≈≈≈≈≈≈≈≈≈≈≈≈≈≈≈≈≈≈≈≈≈≈≈≈


You could see a kraken and 4 tentacles.

Vanquished Creatures
  Rupert (Lair:4)
  Kirke (D:15)
  Nessos (D:13)
  5 dire elephants (Lair:6)
  An ettin (Orc:1)
  2 merfolk impalers
  Harold (D:9)
  4 boulder beetles
  13 hydras
  A merfolk avatar (Shoals:2)
  An anaconda (Lair:6)
  3 centaur warriors (D:13)
  2 ice dragons (IceCv)
  An ogre mage (D:15)
  2 catoblepae
  7 two-headed ogres
  2 dancing weapons (D:13)
  An orc high priest (Orc:1)
  A death knight (D:15)
  A tengu warrior (D:14)
  A satyr (Shoals:2)
  Urug (Lair:2)
  9 skeletal warriors
  6 sea snakes
  9 wizards
  5 orc knights
  4 harpies (Shoals:2)
  A necromancer (D:15)
  4 deep elf pyromancers
  A wolf spider zombie (D:15)
  17 ugly things
  8 fauns
  2 orc sorcerers
  Maurice (D:13)
  8 manticores
  7 merfolk sirens
  8 cyclopes
  4 elephants (Lair:6)
  3 water nymphs
  A naga mage (D:15)
  2 ice statues (IceCv)
  10 cane toads
  2 black mambas
  6 komodo dragons
  2 unseen horrors (D:10)
  3 kobold demonologists
  A demonic crawler (Lair:6)
  A tengu conjurer (D:14)
  A freezing wraith (D:15)
  4 yaktaurs (D:15)
  5 rime drakes
  3 trolls
  10 merfolk
  3 wind drakes
  17 blink frogs
  A wolf spider simulacrum (D:15)
  4 snapping turtles
  14 dream sheep
  14 slime creatures
  2 shadows
  5 wraiths
  4 water elementals
  67 yaks
  3 wyverns
  A hog (D:15)
  2 steam dragons
  3 nagas (Lair:2)
  3 basilisks
  10 vampire mosquitoes
  5 wargs
  4 swamp worms (Lair:6)
  4 acid dragons
  17 water moccasins
  24 ice beasts
  A hornet zombie (D:15)
  34 orc warriors
  2 black bears
  A sky beast (D:6)
  A necrophage (D:5)
  7 ogres
  14 wolves
  12 centaurs
  2 kobold brigands (D:12)
  16 bullfrogs
  A gnoll sergeant (D:4)
  6 killer bees (D:8)
  3 howler monkeys
  4 wights (D:6)
  8 centaur zombies
  4 hounds
  A jelly (D:5)
  15 orc priests
  Jessica (D:2)
  3 centaur skeletons
  2 iguanas (D:7)
  25 orc wizards
  A killer bee zombie (D:6)
  Robin (D:2)
  39 gnolls
  A howler monkey skeleton (D:5)
  6 adders
  A shadow imp (D:6)
  A white imp (D:7)
  3 dart slugs
  70 orcs
  6 endoplasms
  3 giant cockroaches
  18 goblins
  9 hobgoblins
  14 jackals (D:4)
  3 quokkas
  8 ball pythons
  5 bats
  3 frilled lizards
  A jackal skeleton (D:4)
  6 kobolds
  10 rats
  3 plants (Lair:6)
783 creatures vanquished.

Vanquished Creatures (others)
  2 humans (D:15)
  A bush (Lair:2)
  15 fungi
  37 plants
55 creatures vanquished.

Grand Total: 838 creatures vanquished

Notes
Turn   | Place    | Note
-------+----------+-------------------------------------------
     0 | D:1      | tilp the Vine Stalker Brigand began the quest for the Orb.
     0 | D:1      | Reached XP level 1. HP: 11/11 MP: 2/2
   265 | D:1      | Reached XP level 2. HP: 12/15 MP: 3/3
   620 | D:1      | Reached XP level 3. HP: 19/19 MP: 4/4
   795 | D:1      | Found a faded altar of an unknown god.
  1387 | D:2      | Noticed Jessica
  1394 | D:2      | Killed Jessica
  1395 | D:2      | Gained mutation: Your natural rate of healing is unusually
                  | fast. [Vine Stalker growth]
  1395 | D:2      | Reached XP level 4. HP: 24/24 MP: 5/5
  1715 | D:2      | Noticed Robin
  1797 | D:2      | Killed Robin
  2345 | D:3      | Found Vasicerph's Distillery.
  2388 | D:3      | Reached XP level 5. HP: 28/28 MP: 6/6
  2472 | D:3      | Bought a potion of lignification for 39 gold pieces
  3394 | D:4      | Reached skill level 1 in Dodging
  3394 | D:4      | Reached XP level 6. HP: 33/33 MP: 7/7
  3671 | D:4      | Found a runed translucent door.
  3672 | D:4      | Noticed Crazy Yiuf
  3795 | D:4      | Reached skill level 1 in Shields
  4228 | D:4      | Reached XP level 7. HP: 37/37 MP: 6/8
  4612 | D:4      | Reached skill level 5 in Short Blades
  4613 | D:4      | Identified the +5 long sword of Shrieking Terror {vorpal,
                  | *Corrode Int+3 Dex+2}
  4920 | D:5      | Entered Level 5 of the Dungeon
  5086 | D:5      | Gained mutation: You have razor-sharp teeth. [Vine Stalker
                  | growth]
  5086 | D:5      | Reached XP level 8. HP: 27/42 MP: 9/9
  5120 | D:5      | Found a runed translucent door.
  5129 | D:5      | Noticed HoaS's ghost (novice DjIE)
  5292 | D:5      | Found a hide-covered altar of Uskayaw.
  5321 | D:5      | Became a worshipper of Uskayaw the Reveller
  5584 | D:5      | Noticed a wraith
  5591 | D:5      | Reached * piety under Uskayaw
  5595 | D:5      | Reached ** piety under Uskayaw
  5608 | D:5      | Reached *** piety under Uskayaw
  5609 | D:5      | Killed a wraith
  5609 | D:5      | Reached **** piety under Uskayaw
  5912 | D:6      | Reached ***** piety under Uskayaw
  5959 | D:6      | Reached XP level 9. HP: 34/46 MP: 10/10
  5989 | D:6      | Reached skill level 5 in Fighting
  6158 | D:6      | Found a staircase to the Ecumenical Temple.
  6181 | D:6      | Found Tiagh's General Store.
  6242 | D:6      | Bought a scroll of enchant armour for 90 gold pieces
  6242 | D:6      | Bought a scroll of teleportation for 36 gold pieces
  6533 | D:6      | Found a shimmering blue altar of Sif Muna.
  7245 | D:7      | Found Ipia's Jewellery Shoppe.
  7406 | D:7      | Found an ornate altar of the Wu Jian Council.
  7406 | D:7      | Found a bloodstained altar of Trog.
  7570 | D:8      | Found a transporter.
  7615 | D:8      | Reached XP level 10. HP: 53/53 MP: 9/11
  7629 | D:8      | Reached ****** piety under Uskayaw
  7655 | D:8      | Reached skill level 10 in Short Blades
  7655 | D:8      | Reached skill level 1 in Invocations
  7696 | D:8      | Found a staircase to the Lair.
  7961 | D:8      | Found a transporter.
  7965 | D:8      | Noticed a white ugly thing
  7966 | D:8      | Noticed a green ugly thing
  7968 | D:8      | Found a corrupted altar of Lugonu.
  8523 | D:9      | You fall into a shaft and drop 3 floors!
  9225 | D:12     | Identified the ring "Jogen" {rN+ Int+2}
  9369 | D:10     | Entered Level 10 of the Dungeon
  9520 | D:9      | Noticed a two-headed ogre
  9529 | D:9      | Killed a two-headed ogre
  9530 | D:9      | Reached skill level 5 in Stealth
  9530 | D:9      | Reached skill level 5 in Invocations
  9572 | D:9      | Noticed Harold
  9593 | D:9      | Killed Harold
  9594 | D:9      | Reached skill level 5 in Dodging
  9594 | D:9      | Reached XP level 11. HP: 45/58 MP: 14/16
 10071 | D:9      | Found a broken altar of Ashenzari.
 10259 | D:10     | Found a sacrificial altar of Ru.
 10259 | D:10     | Found a basalt altar of Yredelemnul.
 10639 | D:10     | Noticed a wizard
 10648 | D:10     | Killed a wizard
 10649 | D:10     | Noticed a wizard
 10662 | D:10     | Killed a wizard
 10665 | D:10     | Noticed a wizard
 10682 | D:10     | Killed a wizard
 10720 | D:10     | Noticed a deep elf pyromancer
 10977 | D:10     | Found a staircase to the Orcish Mines.
 11088 | D:10     | Reached skill level 1 in Evocations
 11348 | D:10     | Noticed a wizard
 11380 | D:10     | Killed a wizard
 11406 | D:10     | Noticed a wizard
 11414 | D:10     | Killed a wizard
 11461 | D:10     | Found the +3 warlock's mirror {reflect}
 11494 | D:10     | Noticed a wizard
 11513 | D:10     | Killed a wizard
 11545 | D:10     | Noticed a wizard
 11547 | D:10     | Noticed a wizard
 11551 | D:10     | Cast into level 2 of the Abyss (a wizard)
 11604 | D:10     | Escaped the Abyss
 11608 | D:10     | Killed a wizard
 11612 | D:10     | Killed a wizard
 11911 | D:6      | Bought a ring of poison resistance for 240 gold pieces
 12203 | D:11     | Noticed a boulder beetle
 12258 | D:11     | Killed a boulder beetle
 12407 | D:11     | Noticed a cyclops
 12424 | D:11     | Killed a cyclops
 12425 | D:11     | Reached XP level 12. HP: 64/65 MP: 17/19
 12576 | D:11     | Found a stormy altar of Qazlal.
 12741 | D:11     | Upgraded the game from 0.27-a0-972-gd1521fd518 to
                  | 0.27-a0-978-g2aa4ecdaef
 12828 | Lair:1   | Entered Level 1 of the Lair of Beasts
 13067 | Lair:1   | Noticed a four-headed hydra
 13077 | Lair:1   | Killed a four-headed hydra
 14098 | Lair:2   | Found a runed translucent gate.
 14104 | Lair:2   | Noticed Celiop's ghost (novice DgDe)
 14114 | Lair:2   | Found a runed translucent gate.
 14136 | Lair:2   | Found a runed translucent gate.
 14322 | Lair:2   | Found a staircase to the Snake Pit.
 14682 | Lair:2   | Noticed a seven-headed hydra
 14691 | Lair:2   | Killed a seven-headed hydra
 14786 | Lair:2   | Noticed a six-headed hydra
 14919 | Lair:2   | Noticed Urug
 14946 | Lair:2   | Killed Urug
 15019 | Lair:2   | Reached skill level 10 in Stealth
 15047 | Lair:2   | Reached XP level 13. HP: 70/72 MP: 20/20
 15117 | Lair:2   | Reached skill level 10 in Fighting
 15620 | Lair:3   | Found a frozen archway.
 15662 | IceCv    | Entered an ice cave
 16045 | IceCv    | Noticed an ice dragon
 16046 | IceCv    | Noticed an ice dragon
 16073 | IceCv    | Killed an ice dragon
 16207 | IceCv    | Killed an ice dragon
 16945 | Lair:3   | Identified a scroll of acquirement
 16945 | Lair:3   | Acquired 553 gold pieces
 17089 | D:7      | Bought a +4 ring of slaying for 1092 gold pieces
 17415 | Lair:4   | Reached skill level 1 in Armour
 17713 | Lair:4   | Noticed Rupert
 17730 | Lair:4   | Killed Rupert
 17731 | Lair:4   | Reached skill level 5 in Evocations
 17731 | Lair:4   | Reached XP level 14. HP: 24/80 MP: 10/21
 17820 | Lair:4   | Found a transporter.
 17832 | Lair:4   | Noticed kae's ghost (journeyman OgTm)
 17837 | Lair:4   | Found a transporter.
 18068 | Lair:4   | Found a staircase to the Shoals.
 18613 | Lair:5   | Reached skill level 10 in Invocations
 18699 | Lair:5   | Found a viscous altar of Jiyva.
 18699 | Lair:5   | Found a staircase to the Slime Pits.
 19210 | Lair:6   | Entered Level 6 of the Lair of Beasts
 19241 | Lair:5   | Acquired the +6 quick blade of the Enchanted Forest {flame,
                  | Fly rElec}
 19576 | Lair:6   | Identified the +5 rapier of Discord {protect, *Rage Int+5
                  | Dex+5}
 20272 | Lair:6   | Noticed a dire elephant
 20299 | Lair:6   | Killed a dire elephant
 20355 | Lair:6   | Noticed a dire elephant
 20355 | Lair:6   | Noticed a dire elephant
 20373 | Lair:6   | Killed a dire elephant
 20397 | Lair:6   | Killed a dire elephant
 20418 | Lair:6   | Identified the Tome of the Cankerous Volcanoes
 20453 | Lair:6   | Noticed a dire elephant
 20469 | Lair:6   | Killed a dire elephant
 20484 | Lair:6   | Noticed a dire elephant
 20503 | Lair:6   | Killed a dire elephant
 20504 | Lair:6   | Reached skill level 5 in Armour
 20558 | Lair:6   | Reached XP level 15. HP: 73/85 MP: 23/23
 21663 | Orc:1    | Entered Level 1 of the Orcish Mines
 21663 | Orc:1    | Found an opulent altar of Gozag.
 21667 | Orc:1    | Found a runed translucent gate.
 21667 | Orc:1    | Found a runed translucent gate.
 21668 | Orc:1    | Found Oduat's Jewellery Emporium.
 21719 | Orc:1    | Bought a ring of see invisible for 255 gold pieces
 21778 | Orc:1    | Found a runed translucent gate.
 21779 | Orc:1    | Found Mueloc Ecosch's Assorted Antiques.
 21779 | Orc:1    | Noticed an orc warlord
 21797 | Orc:1    | Noticed Anon1729's ghost (adept DsBe)
 21844 | Orc:2    | Entered Level 2 of the Orcish Mines
 21844 | Orc:2    | Found Amaann's Magic Scroll Shoppe.
 22750 | Orc:2    | Found Fyme's Antique Weapon Boutique.
 22850 | Orc:2    | Found Haanunam's General Store.
 22850 | Orc:2    | Found Kecrog's Assorted Antiques.
 22852 | Orc:2    | Found Segomp's Jewellery Boutique.
 22855 | Orc:2    | Found Woybraif's Armour Emporium.
 22999 | Orc:2    | Found Ycir's General Store.
 23104 | Orc:2    | Found a staircase to the Elven Halls.
 23318 | Orc:1    | Found Zaopes's Antique Armour Boutique.
 23319 | Orc:1    | Found Byenyog's Weapon Shoppe.
 23451 | Orc:1    | Found Zunin's Book Emporium.
 23588 | Orc:1    | Found Niloag's Assorted Antiques.
 23674 | Orc:2    | Bought the amulet of Linearity {Faith rPois rN+++ rCorr
                  | Dex-3} for 858 gold pieces
 23690 | Orc:2    | Bought a scroll of identify for 22 gold pieces
 23712 | Orc:2    | Bought a scroll of identify for 34 gold pieces
 23712 | Orc:2    | Bought a scroll of identify for 34 gold pieces
 23712 | Orc:2    | Bought a scroll of identify for 34 gold pieces
 23740 | Orc:2    | Bought a scroll of identify for 58 gold pieces
 23848 | D:13     | Noticed Maurice
 23855 | D:13     | Killed Maurice
 24007 | D:13     | Noticed Nessos
 24016 | D:13     | Killed Nessos
 24670 | D:13     | Found a gate to the Vaults.
 24980 | D:14     | You are sucked into a shaft and drop 1 floor!
 24980 | D:15     | Entered Level 15 of the Dungeon
 25248 | D:14     | Reached XP level 16. HP: 83/91 MP: 24/24
 26086 | D:15     | Noticed Kirke
 26095 | D:15     | Killed Kirke
 26524 | D:15     | Found a snail-covered altar of Cheibriados.
 26657 | D:15     | Found a staircase to the Depths.
 26993 | Shoals:1 | Entered Level 1 of the Shoals
 28653 | Shoals:2 | Found Cyclomif's Jewellery Boutique.
 28777 | Shoals:2 | Found a runed translucent gate.
 28778 | Shoals:2 | Found a runed translucent gate.
 28779 | Shoals:2 | Found a runed translucent gate.
 28780 | Shoals:2 | Noticed Ynga's ghost (adept OgVM)
 28875 | Shoals:3 | Reached XP level 17. HP: 85/97 MP: 25/25
 28989 | Shoals:3 | Noticed Haeres's ghost (adept DsCj)
 29006 | Shoals:3 | Identified the ring "Ashit" {rF+ Dex+4}
 29009 | Shoals:3 | Found a transporter.
 29012 | Shoals:3 | Found a transporter.
 29164 | Shoals:3 | Noticed a kraken
 29183 | Shoals:3 | HP: 1/97 [tentacle[a kraken] (7)]
 29183 | Shoals:3 | Slain by a tentacle

Illustrated notes

Levels and vault maps discovered:
D:1:      erik_arrival_triangle_large, layout_loops_ring,
          chequers_ecumenical_altar_island, minmay_hexomino_f4
D:2:      layout_loops_corners, serial_forest, infiniplex_forest_end_1,
          infiniplex_forest_straight_3, infiniplex_forest_straight_4,
          infiniplex_forest_fountain, infiniplex_forest_straight_4,
          infiniplex_forest_end_2, infiniplex_forest_corner_1,
          infiniplex_forest_split, infiniplex_forest_end_1, uniq_jessica,
          uniq_robin
D:3:      layout_basic, serial_shops, nicolae_shop_window_shopping,
          grunt_ministairs_1
D:4:      lemuel_castle_with_subvaults [lemuel_castle_interior_carwin_1],
          layout_rooms, uniq_crazy_yiuf_cottage
D:5:      layout_loops_cross, nicolae_uskayaw_murder_on_the_dancefloor,
          ebering_ghost_sewer_d
D:6:      layout_basic, kennysheep_mini, minmay_temple_entry_wispy,
          serial_shops, shop
D:7:      layout_rooms, amethyst_overflow_temple_binary, serial_shops,
          nicolae_shop_trees, st_stairs_6, kennysheep_generic_room_14
D:8:      gammafunk_corrupted_shrine, layout_basic, erik_lair_orcish_takeover
D:9:      layout_grid_maze, nicolae_overflow_hidden_temple,
          grunt_decor_mini_mirrors, uniq_harold
D:10:     minmay_smoke_and_mirrors, layout_cave_pods, jmf_multi_god_temple
D:11:     layout_stronghold, serial_glass, glass_columns_a, glass_columns_a,
          nicolae_qazlal_eye_of_the_storm
D:12:     layout_grid_maze
D:13:     layout_loops_cross, erik_vaults_1, uniq_maurice, uniq_nessos
D:14:     layout_cave_pools, roderic_roman_lattice, serial_column_ruins,
          column_ruins_hut_ruined, column_ruins_open_tiny, column_ruins_grid_1,
          column_ruins_corridor_plus, column_ruins_columns_straight,
          column_ruins_corridor_corner, column_ruins_open_small
D:15:     grunt_enter_depths_magical_seal, layout_irregular_city,
          minmay_misc_feat_square, cheibriados_altar_1, uniq_kirke
Lair:1:   layout_layer_cave, chequers_serial_rivers_micro_c
Lair:2:   wander_river, layout_cave_pods, minmay_snake_entry_guardpost_small,
          gammafunk_ghost_split, uniq_urug
Lair:3:   layout_chaotic_city, portal_ice_cave_entry_ice_beasts,
          grunt_megastairs_4
Lair:4:   layout_concentric_octagons, elwin_shoals_entry_rooms,
          gammafunk_ghost_arena, uniq_rupert
Lair:5:   layout_big_grid, slime_altar_1, chequers_serial_rivers_large_a
Lair:6:   due_jungle_book, layout_gridlike, worms_lemuel
Shoals:1: layout_shoals
Shoals:2: layout_shoals, gammafunk_ghost_tricky_traps, serial_shops,
          shop_fountains
Shoals:3: layout_shoals, gammafunk_ghost_wrathful_warriors,
          nicolae_shoals_wave_tunnel
Orc:1:    layout_caves, ebering_ghost_gozag, serial_shops, shop, shop,
          nicolae_shop_trees, nicolae_shop_statue_plus, shop_fountains
Orc:2:    st_orc_rangers, layout_caves, serial_shops, shop, shop, shop

Skill      XL: |  1  2  3  4  5  6  7  8  9 10 11 12 13 14 15 16 |
---------------+-------------------------------------------------+-----
Fighting       | 2 3 4 6 7 8 9 12 13 14 | 14.1
Short Blades   | 2 3 4 5 7 9 10 11 12 13 14 | 14.1
Dodging        | 1 2 3 4 5 6 8 |  8.0
Shields        | 1 3 4 |  4.0
Invocations    | 5 8 10 | 10.0
Stealth        | 6 10 11 12 14 | 14.6
Evocations     | 4 5 6 |  6.0
Armour         | 4 5 6 8 |  8.0
Throwing       | |  1.7

Action                   |  1- 3 |  4- 6 |  7- 9 | 10-12 | 13-15 | 16-18 || total
-------------------------+-------+-------+-------+-------+-------+-------++-------
Melee: Dagger            |    70 |   363 |   453 |   874 |   702 |       ||  2462
       Bite              |    20 |   114 |   180 |   375 |   630 |   160 ||  1479
       Short sword       |       |       |    32 |       |       |       ||    32
       Quick blade       |       |       |       |       |   694 |   443 ||  1137
Throw: Dart              |       |    27 |    19 |     2 |     8 |       ||    56
       Javelin           |       |       |     1 |       |       |       ||     1
Invok: Stomp             |       |       |     1 |     9 |       |     1 ||    11
       Grand Finale      |       |       |       |       |     4 |     2 ||     6
       Line Pass         |       |       |       |       |     1 |       ||     1
Evoke: Wand              |       |       |     1 |     8 |     2 |     1 ||    12
       Lightning rod     |       |       |       |     3 |       |       ||     3
       Tin of tremorston |       |       |       |       |       |     3 ||     3
  Use: Scroll            |       |       |    10 |     5 |    19 |     3 ||    37
       Potion            |       |       |     1 |     1 |     1 |       ||     3
 Stab: Sleeping          |    14 |     2 |       |     2 |    21 |    15 ||    54
       Paralysed         |       |       |    14 |    38 |    89 |    37 ||   178
       Petrifying        |       |       |       |       |     1 |       ||     1
       Distracted        |       |       |       |       |     2 |     1 ||     3
       Petrified         |       |       |       |       |     4 |       ||     4
Armor: Robe              |    11 |       |       |       |       |       ||    11
       Leather armour    |       |    22 |       |       |       |       ||    22
       Chain mail        |       |   129 |   160 |    31 |       |       ||   320
       Skin              |       |       |    15 |       |       |       ||    15
       Scale mail        |       |       |       |   143 |   237 |    78 ||   458
Dodge: Dodged            |    31 |   109 |   107 |   158 |   295 |    93 ||   793
Block: Buckler           |       |       |    55 |   135 |   224 |    83 ||   497
       Reflection        |       |       |       |     2 |    30 |    10 ||    42

Table legend: (Time is in decaauts)
 A = Elapsed time spent in this place.
 B = Non-inter-level travel time spent in this place.
 C = Inter-level travel time spent in this place.
 D = Time resting spent in this place.
 E = Time spent auto-exploring this place.
 F = Levels seen in this place.
 G = Mean time per level.
                   A        B        C        D        E       F      G
               +--------+--------+--------+--------+--------+-----+--------+
         Total |  27218 |  24759 |   2459 |   2676 |  16610 |  28 |  972.1 |
       Dungeon |  15990 |  14624 |   1366 |   1282 |   9863 |  15 | 1066.0 |
          Lair |   6601 |   5771 |    830 |    277 |   4480 |   6 | 1100.2 |
        Shoals |   2010 |   1913 |     97 |    184 |   1369 |   3 |  670.0 |
  Orcish Mines |   2005 |   1840 |    165 |    774 |    732 |   2 | 1002.5 |
         Abyss |     52 |     52 |      0 |     38 |      0 |   1 |   52.0 |
      Ice Cave |    558 |    558 |      0 |    119 |    165 |   1 |  558.0 |
               +--------+--------+--------+--------+--------+-----+--------+

Top non-repeatable levels by time:
    D:10: 1632 daAuts
     D:4: 1612 daAuts
    D:12: 1479 daAuts
  Lair:1: 1446 daAuts
  Lair:2: 1421 daAuts
     D:2: 1286 daAuts
   Orc:1: 1275 daAuts
  Lair:6: 1211 daAuts
     D:6: 1145 daAuts
     D:9: 1103 daAuts
    D:15: 1065 daAuts
     D:1: 1045 daAuts
  Lair:4: 1023 daAuts
    D:13: 998 daAuts
Shoals:2: 925 daAuts
